cohdb
Replays
Latest Replays
All Replays
Popular Replays
Top Player Replays
Match Explorer
How It Works
Community
CoH3 Stats
Reddit
Sign in to upload your games and track your stats! →
Sign in with Steam
Match 42255342
Unlisted
Match 42255342
Overview
Messages
Build Orders
End
Construct Infanterie Kompanie
Selects Mechanized Battlegroup
MG 42 Machine Gun Team
MG 42 Machine Gun Team
Grenadier Squad
Construct Luftwaffe Kompanie
MG 42 Bunker
Jäger Squad
Selects Spotting Scopes
Medical Bunker
Support Elements
Marder III M Tank Destroyer
Selects Wespe Self-propelled Artillery
Wespe Self-propelled Artillery
Selects Raid Package
Pioneer Squad
MG 42 Bunker
Jäger Squad
Medical Station
Selects StuG Assault Group
Selects UNKNOWN (2160084)
Construct Panzer Kompanie
MG 42 Machine Gun Team
Panther Heavy Tank
Selects Zeroing Artillery Barrage
Pioneer Squad
Zeroing Artillery Barrage
Zeroing Artillery Barrage
Stoßtruppen Squad
Panther Heavy Tank
The Kaiser
saw410
Guru
Karl Müller
0
0
Comments
sign in to comment!
No comments posted yet!